 Dungeon Crawl Stone Soup version 0.17.1-1-g73c8601 (webtiles) character file.

140 penguinsfan71 the Grave Robber (level 5, -4/36 HPs)
             Began as a Vampire Necromancer on Dec 23, 2015.
             Was a Follower of Yredelemnul.
             Slain by a hound (5 damage)
             ... on level 4 of the Dungeon.
             The game lasted 00:15:33 (3181 turns).

penguinsfan71 the Grave Robber (VpNe)               Turns: 3181, Time: 00:15:33

Health: -4/36      AC:  2    Str:  7    XL:     5   Next: 2%
Magic:  3/10       EV: 13    Int: 19    God:    Yredelemnul [*.....]
Gold:   95         SH:  0    Dex: 14    Spells: 3 memorised, 2 levels left

rFire  . . .     SeeInvis +     h - +2 hand axe (chop)
rCold  . . .     Clarity  .     a - +0 robe
rNeg   + . .     SustAt   .     (no shield)
rPois  .         Gourm    .     (no helmet)
rElec  .         Spirit   .     (no cloak)
rCorr  .         Warding  .     (no gloves)
rMut   .         Stasis   .     (no boots)
MR     .....                    (no amulet)
Stlth  +++.......               (no ring)
                                (no ring)

@: not resistant to hostile enchantments, fairly stealthy
A: fangs 3, see invisible, unbreathing
a: Bat Form, Animate Remains, Renounce Religion


You were on level 4 of the Dungeon.
You worshipped Yredelemnul.
Yredelemnul was aware of your devotion.
You were not thirsty.

You visited 1 branch of the dungeon, and saw 4 of its levels.

You collected 95 gold pieces.

Inventory:

Hand Weapons
 e - a +0 whip
 h - a +2 hand axe of chopping (weapon)
 n - a +0 club
Missiles
 g - 30 arrows
 l - 39 bolts
Armour
 a - a +0 robe (worn)
 s - a +0 shield
Jewellery
 r - an uncursed amulet of guardian spirit {unknown}
Scrolls
 d - 3 scrolls of identify {unknown}
 i - a scroll of magic mapping {unknown}
 j - 2 scrolls of enchant armour {unknown}
 k - 3 scrolls of random uselessness {unknown}
 m - a scroll of amnesia {unknown}
Potions
 c - 24 potions of blood
 f - 2 potions of magic {unknown}
 o - a potion of curing {unknown}
 p - a potion of degeneration {unknown}
 q - a potion of agility {unknown}
Books
 b - a book of Necromancy

   Spells                             Type                      Level
   a - Pain                           Necromancy                   1
   b - Animate Skeleton               Necromancy                   1
   c - Vampiric Draining              Necromancy                   3
   d - Regeneration                   Charms/Necromancy            3
   e - Animate Dead                   Necromancy                   4
   f - Control Undead                 Necromancy                   4


   Skills:
 + Level 0.3 Fighting
 + Level 2.5 Dodging
 + Level 3.4 Stealth
 + Level 3.3 Spellcasting
 + Level 5.7 Necromancy


You had 2 spell levels left.
You knew the following spells:

 Your Spells              Type           Power        Failure   Level  Hunger
a - Pain                  Necr           ###.         1%          1    None
b - Regeneration          Chrm/Necr      ##........   14%         3    ###....
c - Control Undead        Necr           ###.......   14%         4    ####...


Dungeon Overview and Level Annotations

Branches:
Dungeon (4/15)
 Temple: D:4-7

Altars:
Yredelemnul

Annotations:
D:3 Anuprightman's ghost, amateur MiFi


Innate Abilities, Weirdness & Mutations

You have razor-sharp teeth.
You have supernaturally acute eyesight.
You can survive without breathing.


Message History

Aiming: Pain
Press: ? - help, Shift-Dir - straight line, f/p - hound
Aim: a hound (heavily wounded, chance to defeat MR: 88%)
The hound convulses in agony!
The hound closely misses you.
The quokka bites you but does no damage.
Casting: Pain
Confirm with . or Enter, or press ? or * to list all spells.
Aiming: Pain
Press: ? - help, Shift-Dir - straight line, f/p - hound
Aim: a hound (heavily wounded, chance to defeat MR: 88%)
The hound barely resists.
The hound closely misses you. The quokka closely misses you.
The hound closely misses you.
Casting: Pain
Confirm with . or Enter, or press ? or * to list all spells.
Aiming: Pain
Press: ? - help, Shift-Dir - straight line, f/p - hound
Aim: a hound (heavily wounded, chance to defeat MR: 88%)
The hound convulses in agony!
The quokka misses you. The hound bites you.
You die...
Yredelemnul claims you as an undead slave.

##.. .. #... ..#
##... ...# ##....
....# ##.....
.....## ##......
#....## ##.......
#...### #.....?..
##.@h.### #........
###r...#####.......
##...............
#........##.....
.........#######...
#.........# ####
#..........# #
............
............#


You could see a hound and a quokka.

Vanquished Creatures
  A gnoll (D:1)
  6 adders (D:2)
  An ooze (D:1)
  5 worms
  2 giant geckos
  11 bats
  6 giant cockroaches
  4 goblins
  8 hobgoblins
  2 quokkas
  2 ball pythons (D:1)
  7 giant newts
  5 kobolds
  4 rats
64 creatures vanquished.

Vanquished Creatures (others)
  A hobgoblin zombie (D:3)
1 creature vanquished.

Grand Total: 65 creatures vanquished

Notes
Turn   | Place    | Note
--------------------------------------------------------------
     0 | D:1      | penguinsfan71 the Vampire Necromancer began the quest for the Orb.
     0 | D:1      | Reached XP level 1. HP: 13/13 MP: 3/3
   270 | D:1      | Reached XP level 2. HP: 16/19 MP: 0/5
   690 | D:1      | Reached skill level 5 in Necromancy
   690 | D:1      | Reached XP level 3. HP: 20/24 MP: 2/6
  1851 | D:2      | Reached XP level 4. HP: 22/31 MP: 4/8
  2487 | D:3      | Found a faded altar to an unknown god.
  2505 | D:3      | Became a worshipper of Yredelemnul the Dark
  2505 | D:3      | Reached * piety under Yredelemnul
  2650 | D:3      | Reached XP level 5. HP: 31/36 MP: 3/10
  2658 | D:3      | Learned a level 3 spell: Regeneration
  2663 | D:3      | Learned a level 4 spell: Control Undead
  2714 | D:3      | Noticed Anuprightman's ghost (amateur MiFi)
  3181 | D:4      | Slain by a hound

Action                   |  1- 3 |  4- 6 || total
-------------------------+-------+-------++-------
Melee: Whip              |    11 |       ||    11
       Unarmed           |     6 |       ||     6
       Hand axe          |       |     8 ||     8
 Cast: Pain              |    62 |    68 ||   130
Invok: Animate Remains   |       |     1 ||     1
 Abil: End Transformatio |     1 |     1 ||     2
       Bat Form          |     1 |     1 ||     2
  Use: Potion            |     2 |     3 ||     5
  Eat: Corpse            |     1 |     1 ||     2
